 Dungeon Crawl Stone Soup version 0.29.0-13-gc9e81de378 (webtiles) character file.

Game seed: 8444138800897520264

156973 shobalk the Imperceptible (level 16, -5/88 HPs)
             Began as a Spriggan Enchanter on Sept 7, 2022.
             Was the Champion of Dithmenos.
             Drowned by a drowned soul (9 damage)
             ... summoned by a merfolk avatar
             ... on level 3 of the Shoals on Sept 8, 2022.
             The game lasted 02:14:31 (44179 turns).

shobalk the Imperceptible (Spriggan Enchanter)     Turns: 44179, Time: 02:14:32

Health: -5/88      AC: 13    Str:  4    XL:     16   Next: 84%
Magic:  39/40      EV: 32    Int: 23    God:    Dithmenos [******]
Gold:   2050       SH:  5    Dex: 17    Spells: 27/35 levels left

rFire   + . .      SeeInvis +   a - +6 dagger (venom)
rCold   . . .      Faith    .   (no shield)
rNeg    . . .      Spirit   .   k - +4 steam dragon scales "Kaademe" {rF+ Will+ Stlth+}
rPois   .          Reflect  +   (helmet restricted)
rElec   .          Harm     .   P - scarf {shadows}
rCorr   .          Rampage  .   (gloves unavailable)
Will    +++..                   (boots unavailable)
Stlth   +++++++++.              S - amulet of reflection
HPRegen 0.24/turn               V - ring of magical power
MPRegen 0.27/turn               A - +4 ring of protection

@: mighty, mesmerised, hasted, wreathed by umbra, quick
A: very small, no large weapons, unfitting armour, see invisible, speed 3,
subdued magic 1
}: 1/15 runes: gossamer
a: Renounce Religion, Shadow Step, Shadow Form


You were on level 3 of the Shoals.
You worshipped Dithmenos.
Dithmenos was exalted by your worship.
You visited 6 branches of the dungeon, and saw 26 of its levels.
You also visited: Ice Cave.

You collected 2636 gold pieces.
You spent 586 gold pieces at shops.

Inventory:

Hand Weapons
 a - a +6 dagger of venom (weapon)
 C - a +2 sling of flaming
 I - a +1 short sword of electrocution
Missiles
 p - 31 poisoned darts (quivered)
 t - 3 throwing nets
Armour
 i - a +2 robe of willpower
 k - the +4 steam dragon scales "Kaademe" (worn) {rF+ Will+ Stlth+}
   (You took it off a tengu warrior on level 8 of the Dungeon)

   rF:        It protects you from fire.
   Will:      It increases your willpower.
   Stlth:     It makes you more stealthy.
 J - a scarf of invisibility
 P - a scarf of shadows (worn)
Jewellery
 m - a ring of positive energy
 s - a ring of poison resistance
 v - a ring of protection from cold
 A - a +4 ring of protection (right hand)
 E - a ring of flight
 K - a ring of protection from cold
 R - a ring of willpower
 S - an amulet of reflection (around neck)
 T - a ring of ice
 V - a ring of magical power (left hand)
Wands
 y - a wand of roots (14)
 z - a wand of digging (14)
 B - a wand of light (3)
 D - a wand of polymorph (4)
 Q - a wand of charming (11)
Scrolls
 b - 5 scrolls of teleportation
 c - 3 scrolls of butterflies
 f - 6 scrolls of enchant armour
 j - 4 scrolls of fear
 n - 2 scrolls of noise
 r - a scroll of enchant weapon
 u - 2 scrolls of identify
 x - 3 scrolls of silence
 F - a scroll of blinking
 L - 5 scrolls of summoning
 M - 6 scrolls of magic mapping
Potions
 d - 5 potions of curing
 e - 3 potions of haste
 h - 2 potions of berserk rage
 l - 5 potions of might
 o - 6 potions of flight
 q - 7 potions of brilliance
 w - 7 potions of attraction
 H - a potion of cancellation
 N - 3 potions of invisibility
 U - 3 potions of ambrosia
 W - 4 potions of magic


   Skills:
 + Level 11.9 Fighting
 - Level 11.8 Short Blades
 + Level 19.5 Dodging
 + Level 22.9 Stealth
 + Level 10.4 Spellcasting
 - Level 10.4 Hexes
 + Level 9.1 Invocations


You had 27 spell levels left.
You knew the following spells:

 Your Spells              Type           Power      Damage    Failure   Level
a - Confusing Touch       Hex            46%        N/A       1%          3
b - Ensorcelled Hibernat  Hex/Ice        54%        N/A       1%          2
c - Dazzling Flash        Conj/Hex       54%        N/A       1%          3

Your spell library contained the following spells:

 Spells                   Type           Power      Damage    Failure   Level
 Summon Guardian Golem    Hex/Summ       27%        N/A       1%          3
 Tukima's Dance           Hex            46%        N/A       1%          3
 Freeze                   Ice            36%        1d6       4%          1
 Magic Dart               Conj           36%        1d4       4%          1
 Necrotise                Necr           36%        1d5       4%          1
 Shock                    Conj/Air       36%        1d5       4%          1
 Summon Small Mammal      Summ           36%        N/A       4%          1
 Fulminant Prism          Conj/Hex       13%        3d9       4%          4
 Call Imp                 Summ           9%         N/A       7%          2
 Call Canine Familiar     Summ           9%         N/A       13%         3
 Frozen Ramparts          Ice            18%        1d3       13%         3
 Gell's Gravitas          Tloc           9%         N/A       13%         3
 Lesser Beckoning         Tloc           9%         N/A       13%         3
 Mephitic Cloud           Conj/Pois/Air  9%         N/A       13%         3
 Swiftness                Air            9%         N/A       13%         3
 Teleport Other           Tloc           9%         N/A       13%         3
 Metabolic Englaciation   Hex/Ice        13%        N/A       16%         5
 Airstrike                Air            4%         2d(1-17)  43%         4
 Corpse Rot               Necr/Pois/Air  9%         N/A       43%         4
 Dispel Undead            Necr           9%         3d8       43%         4
 Hailstorm                Conj/Ice       9%         3d4       43%         4
 Ice Form                 Ice/Tmut       9%         N/A       43%         4
 Iskenderun's Mystic Bla  Conj/Tloc      9%         2d4       43%         4
 Petrify                  Tmut/Erth      9%         N/A       43%         4
 Alistair's Intoxication  Tmut/Pois      6%         N/A       80%         5
 Blade Hands              Tmut           4%         N/A       80%         5
 Borgnjor's Vile Clutch   Necr/Erth      4%         N/A       80%         5
 Irradiate                Conj/Tmut      4%         3d13      80%         5
 Lee's Rapid Deconstruct  Erth           4%         3d6*      80%         5
 Death Channel            Necr           4%         N/A       100%        6
 Eringya's Noxious Bog    Tmut/Pois      4%         N/A       100%        6
 Simulacrum               Ice/Necr       4%         N/A       100%        6
 Starburst                Conj/Fire      4%         6d4       100%        6
 Statue Form              Tmut/Erth      6%         N/A       100%        6
 Dragon Form              Tmut           4%         N/A       100%        7
 Haunt                    Necr/Summ      4%         N/A       100%        7


Dungeon Overview and Level Annotations

Branches:
Dungeon (11/15)            Temple (1/1) D:5            Lair (5/5) D:11
 Shoals (3/4) Lair:2       Spider (4/4) Lair:2        Slime (0/5) Lair:4
    Orc (2/2) D:10            Elf (0/3) Orc:2         IceCv (visited)

Altars:
Ashenzari
Dithmenos
Elyvilon
Fedhas
Gozag
Hepliaklqana
Kikubaaqudgha
Makhleb
Okawaru
Qazlal
Trog
Vehumet
Yredelemnul
Zin
The Shining One
Jiyva

Shops:
D:7 (   Orc:2 !(*=[   Shoals:1 (   Shoals:2 !

Annotations:
D:3 1 runed translucent door, Crazy Yiuf, Grinder
D:9 exclusion: ice statue
D:11 Amaemon
Lair:3 2 transporters, Fuxod's ghost, journeyman GnWn
Lair:4 2 transporters
Spider:3 2 transporters, Bolleh's ghost, journeyman GnSk
Spider:4 2 transporters, Caestello's ghost, adept GrMo


Innate Abilities, Weirdness & Mutations

You are very small and have problems with some larger weapons.
You are too small for most types of armour.
You have supernaturally acute eyesight. (SInv)
You cover ground extremely quickly. (Speed+++)
Your spells are a little easier to cast, but a little less powerful.


Message History

The merfolk avatar looks as sick as possible!
The merfolk avatar is heavily wounded.
The drowned soul touches you. The drowned soul drowns you!
* * * LOW HITPOINT WARNING * * *
You emit a cloud of dark smoke.
You hit the merfolk avatar.
The merfolk avatar looks as sick as possible!
The merfolk avatar is heavily wounded.
The merfolk avatar chants its luring song.
Your unstable footing causes you to fumble your attack.
You completely miss the merfolk avatar.
The merfolk avatar is heavily wounded.
Your shadow hits the merfolk avatar with a dagger.
The drowned soul returns to the deep!
The merfolk avatar chants its luring song.
You barely miss the merfolk avatar.
The merfolk avatar is heavily wounded.
Your shadow hits the merfolk avatar but does no damage.
Your unstable footing causes you to fumble your attack.
The drowned soul touches you. The drowned soul drowns you!
* * * LOW HITPOINT WARNING * * *
You emit a cloud of dark smoke.
The merfolk avatar chants its luring song.
Your unstable footing causes you to fumble your attack.
You feel better.
The merfolk avatar chants its luring song.
The drowned soul touches you. The drowned soul drowns you!
* * * LOW HITPOINT WARNING * * *
You puncture the merfolk avatar!
The merfolk avatar looks as sick as possible!
The merfolk avatar is severely wounded.
The merfolk avatar chants its luring song.
You feel yourself speed up.
The merfolk avatar chants its luring song.
You puncture the merfolk avatar!
The merfolk avatar looks as sick as possible!
The merfolk avatar is almost dead.
Your shadow hits the merfolk avatar but does no damage.
The drowned soul touches you. The drowned soul drowns you!
You die...

≈≈≈≈~~~~~≈≈≈~~..)~~~~.~~~
≈≈≈≈≈≈~~~~~~~~~.###..~.~.~
≈≈≈≈~~~~~~~~~~~~.## #...##...
≈≈~~~.~...~~~~~~.# ##..##....
~~PP.~~.#.~~~~~~.###.........
~~PP..P~....~~~~§§§.........~.
.~~P~...>..~~~§§§§§....÷#..~~.
.PP~.[....P~~~§§§§§...........
PP .###...~~~~§§@~§....)..#..
P.## ##..~~~~~§m§~..........~.
~..###....~~~~§§§§..###[.###..
P........~~~~~§~~).## #..#
~~....~~~~~~~~~~~.## #..#
~~~~~~PP~~~≈W~~~~~. ....
PP~~~mPP~~~~≈~~~~~.. .....
~~~~~PP~.~~~≈~~~~~~.. ...~~
~~~~P~PP~~~≈≈~~~~~~~.~


You could see a merfolk avatar (mesmerising, extremely poisoned).

Vanquished Creatures
  Arachne (Spider:2)
  Jorgrun (Spider:3)
  Mlioglotl (Spider:3)
  Asterion (Spider:1)
  2 emperor scorpions
  An orc warlord (Orc:1)
  A ghost moth (Spider:2)
  5 broodmothers (Spider:4)
  Azrael (Spider:3)
  4 entropy weavers
  A merfolk javelineer (Shoals:1)
  A merfolk impaler (Shoals:1)
  An ice dragon (Spider:1)
  Fannar (Lair:2)
  5 boulder beetles
  Erolcha (Orc:1)
  6 hydras
  3 merfolk aquamancers (Shoals:1)
  5 jorogumos
  A radroach (Spider:3)
  2 catoblepae (Lair:4)
  A merfolk avatar (Shoals:2)
  A two-headed ogre (Orc:2)
  An alligator snapping turtle (Shoals:1)
  A death scarab (Spider:2)
  A tengu warrior (D:8)
  A death yak (D:11)
  2 orc high priests (Orc:2)
  Urug (Orc:1)
  6 pharaoh ants
  3 sun moths (Spider:4)
  9 orb spiders
  4 steelbarb worms
  7 sea snakes
  A lindwurm (Lair:5)
  Pikel (D:8)
  9 harpies
  2 orc knights
  6 orc sorcerers
  23 wolf spiders
  11 manticores
  A moth of wrath (Spider:2)
  4 merfolk sirens
  Joseph (D:7)
  2 black mambas (Lair:5)
  11 torpor snails
  20 elephants
  4 water nymphs
  14 cane toads
  An unseen horror (D:10)
  3 rime drakes
  Psyche (D:8)
  10 komodo dragons
  4 demonic crawlers
  2 trolls
  5 meliai
  3 wind drakes (Shoals:1)
  12 polar bears
  3 slime creatures (D:11)
  6 hornets (Lair:5)
  4 merfolk
  15 blink frogs
  4 tyrant leeches (Lair:5)
  22 tarantellas
  5 raiju (Lair:5)
  3 snapping turtles
  3 shadows
  24 jumping spiders
  12 culicivoras
  Sigmund (D:3)
  2 wraiths (D:11)
  6 water elementals
  46 yaks
  3 fire elementals (Spider:3)
  2 basilisks
  2 steam dragons (D:8)
  27 redbacks
  A harpy simulacrum (IceCv)
  4 wargs
  An acid dragon (D:9)
  13 water moccasins
  14 hell hounds
  14 black bears
  23 orc warriors
  An ice beast (D:5)
  28 wolves
  An ogre (Orc:2)
  5 centaurs
  3 lemures (D:8)
  A phantom (D:5)
  2 kobold brigands
  12 bullfrogs
  A gnoll sergeant (D:11)
  A scorpion (D:7)
  7 wights
  19 killer bees
  3 howler monkeys
  An electric eel (Spider:3)
  A hound (D:5)
  3 jellies
  14 orc priests
  Jessica (D:2)
  3 iguanas
  25 orc wizards
  9 adders
  8 gnolls
  2 shadow imps
  2 white imps
  3 dart slugs
  42 orcs
  9 endoplasms
  5 giant cockroaches
  7 goblins
  6 hobgoblins
  2 jackals (D:4)
  16 kobolds
  2 quokkas
  4 ball pythons
  7 bats
  3 frilled lizards
  3 rats
756 creatures vanquished.

Vanquished Creatures (others)
  An electric eel (Shoals:2)
  An orc (Orc:2)
  36 fungi
  72 plants
110 creatures vanquished.

Grand Total: 866 creatures vanquished

Notes
Turn   | Place    | Note
-------+----------+-------------------------------------------
     0 | D:1      | shobalk the Spriggan Enchanter began the quest for the Orb.
     0 | D:1      | Reached XP level 1. HP: 9/9 MP: 5/5
   127 | D:1      | Reached XP level 2. HP: 13/13 MP: 6/6
   662 | D:1      | Reached skill level 5 in Stealth
  1101 | D:1      | Reached XP level 3. HP: 12/16 MP: 8/8
  1384 | D:1      | Found a faded altar of an unknown god.
  1644 | D:2      | Noticed Jessica
  1653 | D:2      | Killed Jessica
  1947 | D:2      | Reached XP level 4. HP: 19/21 MP: 9/9
  2771 | D:3      | Noticed Sigmund
  2790 | D:3      | Killed Sigmund
  2791 | D:3      | Reached skill level 5 in Dodging
  2791 | D:3      | Reached skill level 6 in Stealth
  2791 | D:3      | Reached XP level 5. HP: 22/24 MP: 10/10
  2886 | D:3      | Reached skill level 7 in Stealth
  2888 | D:3      | Reached XP level 6. HP: 19/28 MP: 11/11
  3054 | D:3      | Noticed Grinder
  3055 | D:3      | Found an ancient bone altar of Kikubaaqudgha.
  3056 | D:3      | Found a hazy altar of Hepliaklqana.
  3056 | D:3      | Found a radiant altar of Vehumet.
  3160 | D:3      | Found a bloodstained altar of Trog.
  3552 | D:3      | Found a runed translucent door.
  3553 | D:3      | Noticed Crazy Yiuf
  3961 | D:4      | Found a stormy altar of Qazlal.
  4225 | D:5      | Entered Level 5 of the Dungeon
  4247 | D:5      | Noticed an ice beast
  4360 | D:5      | Found a blossoming altar of Fedhas.
  5113 | D:5      | You fall into a shaft and drop 2 floors!
  5162 | D:7      | Reached XP level 7. HP: 14/32 MP: 13/13
  5389 | D:7      | HP: 1/32 [iguana (8)]
  5767 | D:7      | Reached skill level 8 in Stealth
  6250 | D:5      | Found a staircase to the Ecumenical Temple.
  6262 | D:5      | Reached skill level 5 in Short Blades
  6270 | Temple   | Entered the Ecumenical Temple
  6337 | D:5      | Got the Handbook of Command and Malignant Arts
  6706 | D:5      | HP: 1/32 [iguana (12)]
  7299 | D:5      | Learned a level 3 spell: Confusing Touch
  7302 | D:5      | Learned a level 2 spell: Ensorcelled Hibernation
  7328 | D:5      | Reached skill level 5 in Hexes
  7579 | D:5      | Reached XP level 8. HP: 30/36 MP: 11/15
  8602 | D:7      | Found Gestic's Antique Weapon Boutique.
  8767 | D:7      | Noticed Joseph
  8782 | D:7      | Killed Joseph
  8783 | D:7      | Reached skill level 9 in Stealth
  8783 | D:7      | Reached skill level 5 in Spellcasting
  9346 | D:8      | Noticed Psyche
  9352 | D:8      | Killed Psyche
  9357 | D:8      | Reached XP level 9. HP: 39/39 MP: 18/18
  9816 | D:8      | Noticed Pikel
  9979 | D:8      | Killed Pikel
  9980 | D:8      | Reached skill level 10 in Stealth
 10298 | D:8      | Found a glowing golden altar of the Shining One.
 10827 | Temple   | Became a worshipper of Dithmenos the Shadowed
 11680 | D:8      | Reached skill level 11 in Stealth
 11692 | D:8      | Reached skill level 1 in Fighting
 12027 | D:8      | Reached XP level 10. HP: 33/46 MP: 19/22
 12625 | D:9      | Identified the +4 steam dragon scales "Kaademe" {rF+ Will+
                  | Stlth+}
 12625 | D:9      | Noticed a tengu warrior
 13738 | D:8      | Reached skill level 12 in Stealth
 13963 | D:8      | Killed a tengu warrior
 13964 | D:8      | Reached skill level 10 in Dodging
 13997 | D:8      | Reached * piety under Dithmenos
 15034 | D:9      | Found a broken altar of Ashenzari.
 15154 | D:9      | Noticed an ice statue
 15349 | D:9      | Reached XP level 11. HP: 53/53 MP: 10/24
 15353 | D:9      | Reached skill level 13 in Stealth
 15523 | D:10     | Entered Level 10 of the Dungeon
 15646 | D:10     | Reached ** piety under Dithmenos
 16339 | D:10     | Found a staircase to the Orcish Mines.
 16879 | Orc:1    | Entered Level 1 of the Orcish Mines
 16879 | Orc:1    | Noticed Erolcha
 16883 | Orc:1    | Killed Erolcha
 17176 | D:11     | Found a staircase to the Lair.
 17176 | D:11     | Noticed a death yak
 17185 | D:11     | Killed a death yak
 17215 | D:11     | Reached skill level 10 in Hexes
 17459 | D:11     | Noticed Amaemon
 17503 | D:11     | Noticed a boulder beetle
 17513 | D:11     | Killed a boulder beetle
 17513 | D:11     | Reached *** piety under Dithmenos
 17514 | D:11     | Reached skill level 14 in Stealth
 18160 | D:11     | Reached skill level 10 in Spellcasting
 18213 | D:11     | Reached skill level 5 in Fighting
 18665 | D:11     | Learned a level 3 spell: Dazzling Flash
 18667 | Lair:1   | Entered Level 1 of the Lair of Beasts
 18690 | Lair:1   | Noticed an eight-headed hydra
 18697 | Lair:1   | Killed an eight-headed hydra
 18862 | Lair:1   | Reached XP level 12. HP: 60/60 MP: 27/27
 18867 | Lair:1   | Noticed a seven-headed hydra
 18875 | Lair:1   | Killed a seven-headed hydra
 18916 | Lair:1   | Reached skill level 15 in Stealth
 19455 | Lair:2   | Noticed a boulder beetle
 19459 | Lair:2   | Killed a boulder beetle
 19469 | Lair:2   | Noticed a seven-headed hydra
 19476 | Lair:2   | Killed a seven-headed hydra
 19613 | Lair:2   | Found a staircase to the Shoals.
 19632 | Lair:2   | Found a hole to the Spider Nest.
 20052 | Lair:2   | Noticed Fannar
 20060 | Lair:2   | Killed Fannar
 20803 | Lair:3   | Found a transporter.
 20808 | Lair:3   | Noticed a boulder beetle
 20813 | Lair:3   | Found a transporter.
 20816 | Lair:3   | Noticed Fuxod's ghost (journeyman GnWn)
 21002 | Lair:3   | Reached **** piety under Dithmenos
 21003 | Lair:3   | Reached skill level 16 in Stealth
 21015 | Lair:3   | Noticed a death yak
 21324 | Lair:4   | Found a viscous altar of Jiyva.
 21324 | Lair:4   | Found a staircase to the Slime Pits.
 21859 | Lair:4   | Reached XP level 13. HP: 49/67 MP: 25/28
 22293 | Lair:4   | Identified the +3 whip of Extinguishment {flame, *Rage
                  | rPois MP+9 Str+2}
 22308 | Lair:4   | Found a transporter.
 22397 | Lair:4   | Found a transporter.
 22775 | Lair:5   | Entered Level 5 of the Lair of Beasts
 23018 | Lair:4   | Reached skill level 17 in Stealth
 23313 | Lair:4   | Reached skill level 10 in Short Blades
 23444 | Lair:5   | Reached ***** piety under Dithmenos
 24157 | Lair:5   | Reached skill level 15 in Dodging
 24855 | Lair:5   | Reached skill level 18 in Stealth
 26008 | Lair:5   | Reached XP level 14. HP: 60/74 MP: 23/29
 27193 | Lair:5   | Found a runed translucent door.
 27752 | Lair:5   | Reached skill level 19 in Stealth
 28322 | Lair:5   | Reached ****** piety under Dithmenos
 28494 | D:10     | Upgraded the game from 0.29.0-11-gd7f09526c8 to
                  | 0.29.0-13-gc9e81de378
 29017 | Orc:2    | Entered Level 2 of the Orcish Mines
 29021 | Orc:2    | Noticed Urug
 29021 | Orc:2    | Noticed an orc warlord
 29032 | Orc:2    | Reached skill level 1 in Invocations
 29189 | Orc:1    | Killed Urug
 29393 | Orc:1    | Killed an orc warlord
 29419 | Orc:2    | Found an iron altar of Okawaru.
 30195 | Orc:2    | Found a staircase to the Elven Halls.
 30359 | Orc:2    | Found Zilyteb's Distillery.
 30391 | Orc:2    | Bought a potion of heal wounds for 70 gold pieces
 30391 | Orc:2    | Bought a potion of haste for 140 gold pieces
 30562 | Orc:2    | Gained mutation: Your spells are a little easier to cast,
                  | but a little less powerful. [a neqoxec]
 30868 | Orc:2    | Found Iskeh's General Store.
 30877 | Orc:2    | Found Vuges's Antique Weapon Shoppe.
 30919 | Orc:2    | Found Ekixkaown's Jewellery Shoppe.
 30935 | Orc:2    | Found Jumoq's Antique Armour Shoppe.
 30963 | Orc:2    | Bought a scroll of poison for 56 gold pieces
 31117 | Orc:2    | Bought a ring of poison resistance for 320 gold pieces
 31247 | Spider:1 | Entered Level 1 of the Spider Nest
 31458 | Spider:1 | Noticed Asterion
 31461 | Spider:1 | Killed Asterion
 31520 | Spider:1 | Reached skill level 20 in Stealth
 31816 | Spider:1 | Reached XP level 15. HP: 78/80 MP: 26/30
 32255 | Spider:1 | Found a frozen archway.
 32265 | IceCv    | Entered an ice cave
 33031 | Spider:2 | Noticed an emperor scorpion
 33036 | Spider:2 | Killed an emperor scorpion
 33037 | Spider:2 | Reached skill level 10 in Fighting
 33048 | Spider:2 | Noticed Arachne
 33426 | Spider:2 | Reached skill level 5 in Invocations
 34319 | Spider:2 | Killed Arachne
 34991 | Spider:3 | Noticed Azrael
 34998 | Spider:3 | Reached skill level 21 in Stealth
 34999 | Spider:3 | Killed Azrael
 35153 | Spider:3 | Found a transporter.
 35154 | Spider:3 | Found a transporter.
 35154 | Spider:3 | Noticed Bolleh's ghost (journeyman GnSk)
 35455 | Spider:3 | Noticed Mlioglotl
 35482 | Spider:3 | Killed Mlioglotl
 35759 | Spider:3 | Noticed Jorgrun
 35778 | Spider:3 | Killed Jorgrun
 36223 | Spider:4 | Entered Level 4 of the Spider Nest
 36343 | Spider:4 | Noticed an emperor scorpion
 36346 | Spider:4 | Killed an emperor scorpion
 36391 | Spider:4 | Found a transporter.
 36394 | Spider:4 | Noticed Caestello's ghost (adept GrMo)
 37058 | Spider:4 | Reached XP level 16. HP: 52/87 MP: 22/31
 37704 | Spider:4 | Found a transporter.
 38620 | Spider:4 | Reached skill level 22 in Stealth
 39621 | Spider:4 | Got a gossamer rune of Zot
 40145 | Shoals:1 | Entered Level 1 of the Shoals
 41913 | Shoals:1 | Found Qeakh's Weapon Shop.
 43016 | Shoals:2 | Found Tofum's Distillery.
 44176 | Shoals:3 | HP: 4/88 [drowned by a drowned soul[a merfolk avatar] (13)]
 44179 | Shoals:3 | Drowned by a drowned soul

Illustrated notes

Levels and vault maps discovered:
D:1:      minmay_arrival_semitransparent, layout_rooms,
          hellmonk_ecumenical_altar_defaced_shrine
D:2:      layout_basic, uniq_jessica
D:3:      minmay_skewed_foursquare, layout_rooms, grunt_temple_overflow_open,
          uniq_sigmund, uniq_crazy_yiuf_cottage, uniq_grinder
D:4:      layout_gridville, lemuel_coloured_pillars_altar
D:5:      layout_basic, mainiacjoe_overflow_alcove_4, temple_statues
D:6:      layout_rooms, chequers_serial_rivers_large_b
D:7:      layout_loops_cross, enter_bailey_2, serial_shops, shop,
          chequers_avenue, uniq_joseph
D:8:      layout_loops_ring, nicolae_tso_swordbearing_angel, st_stairs_11,
          uniq_pikel, uniq_psyche
D:9:      layout_rooms, evilmike_ruin_ashenzari, minivault_16, minmay_checkerbox
D:10:     layout_loops_corners, minmay_orc_entry_temple_small,
          lightli_orcish_oven
D:11:     layout_loops_corners, david_lair_generic, uniq_amaemon
Temple:   eino_temple_water
Lair:1:   layout_hall_layers, beast_lair_carwin_10
Lair:2:   wander_river, layout_loops_ring, minmay_shoals_entry_lonely_mermaid,
          dummy_spider_entry, serial_bayou_shore_b, uniq_fannar
Lair:3:   layout_small_grid, gammafunk_ghost_berserking_beasts,
          grunt_megastairs_1, lemuel_fruit_tree
Lair:4:   gammafunk_cloud_chamber, layout_cave_pods, slime_entry_1
Lair:5:   wormcave, layout_loops_ring, hangedman_lair_caniforms_friends,
          grunt_megastairs_4
Shoals:1: cheibrodos_shoals_epimethial_gifts, layout_shoals, serial_shops,
          nicolae_shop_window_shopping
Shoals:2: layout_shoals, serial_shops, nicolae_take_the_stairs,
          nicolae_shoals_siren_and_animal_friends
Shoals:3: layout_shoals
Spider:1: layout_chambers, portal_ice_cave_entry_dragon, uniq_asterion
Spider:2: layout_chambers, uniq_arachne
Spider:3: layout_spider_delve, gammafunk_ghost_arena, uniq_jorgrun, uniq_azrael,
          uniq_mlioglotl
Spider:4: hellmonk_spider_rune_endless_swarm, gammafunk_ghost_mausoleum
Orc:1:    layout_caves, mines1_david, uniq_erolcha
Orc:2:    grunt_orc_cross, layout_caves, serial_shops,
          nicolae_shop_hallway_stairs, okawaru_metal_pillars_1_2

Skill      XL: |  1  2  3  4  5  6  7  8  9 10 11 12 13 14 15 16 |
---------------+-------------------------------------------------+-----
Dodging        | 3 4 5 6 7 9 10 12 13 15 17 18 19 | 19.5
Stealth        | 5 6 7 8 9 11 12 14 16 18 20 21 22 | 22.9
Short Blades   | 2 3 4 5 6 7 9 11 | 11.8
Spellcasting   | 3 4 5 7 8 10 | 10.4
Hexes          | 4 5 6 7 9 10 | 10.4
Fighting       | 1 3 5 7 8 9 11 | 11.9
Invocations    | 4 7 9 |  9.1

Action                   |  1- 3 |  4- 6 |  7- 9 | 10-12 | 13-15 | 16-18 || total
-------------------------+-------+-------+-------+-------+-------+-------++-------
Melee: Dagger            |   110 |   286 |   353 |   433 |  1137 |   507 ||  2826
       Punch             |     2 |     4 |     5 |     4 |    23 |     4 ||    42
 Cast: Confusing Touch   |       |       |    12 |    33 |    74 |    40 ||   159
       Ensorcelled Hiber |       |       |    28 |   166 |   335 |    92 ||   621
       Dazzling Flash    |       |       |       |     2 |    19 |     3 ||    24
Invok: Shadow Step       |       |       |       |       |     1 |       ||     1
Evoke: Wand              |       |       |       |     5 |     1 |     2 ||     8
  Use: Scroll            |     2 |     7 |     2 |     1 |    19 |     7 ||    38
       Potion            |     1 |     1 |     4 |       |     7 |    11 ||    24
 Stab: Sleeping          |    11 |    11 |    26 |   111 |   228 |    56 ||   443
       Invisible         |     1 |     4 |       |     1 |    17 |       ||    23
       Confused          |       |       |     6 |    32 |    76 |    24 ||   138
       Distracted        |       |       |       |     5 |     5 |     6 ||    16
       Held in net/web   |       |       |       |       |     1 |       ||     1
Armor: Robe              |    17 |    36 |    38 |     2 |       |       ||    93
       Steam dragon scal |       |       |       |    43 |   135 |    70 ||   248
Dodge: Dodged            |    77 |   203 |   289 |   392 |  1118 |   454 ||  2533
Block: Other             |       |       |       |    20 |   234 |    80 ||   334
       Reflection        |       |       |       |       |     1 |       ||     1
